 Dungeon Crawl Stone Soup version 0.30.0-3-ga4e48a9924 (webtiles) character file.

Game seed: 10478770661859566793

3640 olmar the Basher (level 10, -3/61 HPs)
             Began as a Gargoyle Fighter on May 7, 2023.
             Was an Initiate of Wu Jian.
             Slain by a gargoyle
             ... wielding a +0 flail
              (19 damage)
             ... on level 7 of the Dungeon.
             The game lasted 00:12:19 (7786 turns).

olmar the Basher (Gargoyle Fighter)                 Turns: 7786, Time: 00:12:19

Health: -3/61      AC: 15    Str: 24    XL:     10   Next: 12%
Magic:  10/10      EV: 10    Int:  9    God:    Wu Jian [......]
Gold:   81         SH:  5    Dex:  9    Spells: 9/9 levels left

rFire   . . .        a - +0 flail
rCold   . . .        c - +0 buckler
rNeg    + . .        b - +0 scale mail
rPois   ∞            (no helmet)
rElec   +            (no cloak)
rCorr   +            (no gloves)
SInv    .            (no boots)
Will    .....        (no amulet) Stlth
                     f - ring of resist corrosion
HPRegen 0.30/turn    (no ring)
MPRegen 0.12/turn

%: no passive effects
@: about to teleport
A: sickness immunity, AC +7, negative energy resistance 1, electricity
resistance, torment resistance 1, petrification resistance
a: Renounce Religion


You were on level 7 of the Dungeon.
You worshipped Wu Jian.
Wu Jian was noncommittal.
You visited 2 branches of the dungeon, and saw 8 of its levels.

You collected 298 gold pieces.
You spent 217 gold pieces at shops.

Inventory:

Hand Weapons
 a - a +0 flail (weapon)
Missiles
 i - 11 curare-tipped darts (quivered)
 o - 40 poisoned darts
 t - 4 silver javelins
 w - a throwing net
Armour
 b - a +0 scale mail (worn)
 c - a +0 buckler (worn)
 G - a +0 pair of boots
Jewellery
 f - a ring of resist corrosion (left hand)
 s - an amulet of faith
Wands
 u - a wand of flame (10)
 C - a wand of mindburst (7)
 E - a wand of quicksilver (5)
Scrolls
 e - a scroll of brand weapon
 h - 5 scrolls of fear
 k - 4 scrolls of noise {unknown}
 l - 2 scrolls of enchant armour {unknown}
 m - 3 scrolls of fog
 q - 2 scrolls of immolation {unknown}
 r - 2 scrolls of vulnerability {unknown}
 v - a scroll of magic mapping {unknown}
 x - 4 scrolls of blinking
 y - a scroll of enchant weapon {unknown}
 F - a scroll of poison
Potions
 d - 2 potions of might
 j - 5 potions of curing
 n - 3 potions of mutation
 p - a potion of heal wounds
 z - 3 potions of brilliance
 A - 2 potions of lignification
 B - 2 potions of flight {unknown}
 H - a potion of attraction


   Skills:
 + Level 6.6 Fighting
 + Level 9.0 Maces & Flails
 + Level 8.3 Armour
 + Level 3.0 Dodging
 + Level 1.3 Stealth
 + Level 5.9 Shields
 + Level 2.9 Evocations


You had 9 spell levels left.
You didn't know any spells.
Your spell library contained the following spells:

 Spells                   Type           Power      Damage    Failure   Level
 Beastly Appendage        Tmut           0%         N/A       71%         1
 Sting                    Tmut/Pois      0%         1d3       71%         1
 Ensorcelled Hibernation  Hex/Ice        0%         N/A       83%         2
 Passwall                 Tmut/Erth      0%         N/A       83%         2
 Poisonous Vapours        Pois/Air       0%         N/A       83%         2
 Wereblood                Tmut           0%         N/A       83%         2
 Call Canine Familiar     Summ           0%         N/A       97%         3
 Portal Projectile        Hex/Tloc       0%         N/A       97%         3
 Spider Form              Tmut/Pois      0%         N/A       97%         3
 Swiftness                Air            0%         N/A       97%         3
 Dispel Undead            Necr           0%         3d6       100%        4
 Leda's Liquefaction      Hex/Erth       0%         N/A       100%        4
 Olgreb's Toxic Radiance  Pois           0%         N/A       100%        4
 Death Channel            Necr           0%         N/A       100%        6
 Cigotuvi's Dreadful Rot  Necr/Pois/Air  Unusable   N/A       N/A         2

Dungeon Overview and Level Annotations

Branches:
Dungeon (7/15)             Temple (1/1) D:7

Altars:
Ashenzari
Cheibriados
Dithmenos
Fedhas
Hepliaklqana
Kikubaaqudgha
Makhleb
Nemelex Xobeh
Okawaru
Qazlal
Ru
Sif Muna
Trog
Uskayaw
Vehumet
Wu Jian
Yredelemnul
Zin
The Shining One

Shops:
D:7 ?

Annotations:
D:7 1 runed translucent door, Crazy Yiuf


Innate Abilities, Weirdness & Mutations

You are immune to sickness and miasma.
Your stone body is resilient. (AC +7)
You are immune to poison.
You resist negative energy. (rN+)
You are resistant to electric shocks. (rElec)
You are resistant to unholy torment.
You are immune to petrification.


Message History

The gargoyle is severely damaged.
The gargoyle hits you with a +0 flail!
Unknown command.
You hit the gargoyle but do no damage.
The gargoyle is severely damaged.
The gargoyle barely misses you.
You barely miss the gargoyle.
The gargoyle is severely damaged.
The gargoyle barely misses you.
You sock the gargoyle!
You destroy the gargoyle!
The Council accepts your kill.
Your Maces & Flails skill increases to level 9!
Your Dodging skill increases to level 3!
You see here a +0 flail.
Unknown command.
HP restored.
You open the door. As you open the door, it creaks loudly!
A gargoyle comes into view. It is wielding a +0 flail.
The gargoyle hurls a stone arrow at you.
The stone arrow hits you!!
Found a pearl ring.
A gargoyle is nearby!
A gargoyle is nearby!
Aiming: Mindburst
Press: ? - help, Shift-Dir - straight line, f - gargoyle
Aim: a gargoyle, wielding a +0 flail (chance to affect: 60%)
The gargoyle resists with significant effort.
The gargoyle hurls a stone arrow at you.
The stone arrow hits you!!
Ouch! That really hurt!
* * * LOW HITPOINT WARNING * * *
Unknown command.
You feel much better.
As you read the scroll of teleportation, it crumbles to dust.
You feel strangely unstable. The gargoyle hits you with a +0 flail!
* * * LOW HITPOINT WARNING * * *
The gargoyle attacks as you move away! The gargoyle hits you with a +0 flail!!
You die...

..#.# #.###.##..... .##.###
#.....##...[. .##...#
##############.####.#...
.####.####.........####.# #.##.#
.# #.##...#######...##.# #.##..
.# #.##.### ###=###.##.# #.##.#
.####.#..# ##+.'##8#..#.# #.##.#
...##.#.###+....9'###.#.# #.##.#
##.##.#.#[#.....@.#8#.#.# #.##.#
#.##...##'...........#.# #.##..
##.####.##....8.........# #.####
#...###.##'...b.........####.#
.#.#.##)#8#.......#8#..###...#
##.##.#.###'.....'###.#...(>.#
#.......#8##'.'##8#...##....####
#####.##.###8###8###.#.###.......
.###.###...#######...#)# #..#####


You could see a gargoyle.

Vanquished Creatures
  A gargoyle (D:7)
  Maggie (D:7)
  Prince Ribbit (D:7)
  A wyvern (D:7)
  Duvessa (D:5)
  3 orc warriors
  An ice beast (D:5)
  4 black bears
  A centaur (D:5)
  A phantom (D:5)
  4 bullfrogs (D:7)
  A kobold brigand (D:6)
  3 scorpions
  3 wights (D:7)
  Dowan (D:5)
  2 howler monkeys
  4 hounds
  A gnoll bouda (D:6)
  2 orc priests
  4 jellies
  Natasha (thrice) (D:4)
  Terence (D:2)
  3 sleepcaps
  5 orc wizards
  7 gnolls
  10 adders
  An ufetubus (D:5)
  5 worms
  2 dart slugs (D:2)
  31 orcs
  17 endoplasms
  4 giant cockroaches
  6 goblins
  6 hobgoblins
  3 jackals (D:1)
  3 quokkas
  4 ball pythons
  7 bats
  4 frilled lizards (D:1)
  17 kobolds
  9 rats
188 creatures vanquished.

Vanquished Creatures (others)
  6 fungi
  9 toadstools (D:4)
15 creatures vanquished.

Grand Total: 203 creatures vanquished

Notes
Turn   | Place    | Note
-------+----------+-------------------------------------------
     0 | D:1      | olmar the Gargoyle Fighter began the quest for the Orb.
     0 | D:1      | Reached XP level 1. HP: 14/14 MP: 1/1
   168 | D:1      | Reached XP level 2. HP: 19/19 MP: 2/2
   423 | D:1      | Reached XP level 3. HP: 23/23 MP: 3/3
   927 | D:2      | Noticed Terence
   950 | D:2      | Killed Terence
   951 | D:2      | Reached XP level 4. HP: 28/28 MP: 4/4
   952 | D:2      | Reached skill level 3 in Maces & Flails
  1430 | D:2      | Reached XP level 5. HP: 33/33 MP: 5/5
  1849 | D:3      | Reached skill level 4 in Maces & Flails
  2434 | D:3      | Found a shimmering blue altar of Sif Muna.
  2484 | D:4      | Found a radiant altar of Vehumet.
  2485 | D:4      | Found a hide-covered altar of Uskayaw.
  2518 | D:4      | Reached skill level 1 in Dodging
  2518 | D:4      | Reached XP level 6. HP: 36/38 MP: 6/6
  2744 | D:4      | Noticed Natasha
  2751 | D:4      | Killed Natasha
  2786 | D:4      | Noticed Natasha
  2851 | D:4      | Killed Natasha
  2987 | D:4      | Noticed Natasha
  3149 | D:4      | Killed Natasha
  3250 | D:4      | Reached XP level 7. HP: 43/43 MP: 7/7
  3273 | D:4      | Reached skill level 5 in Maces & Flails
  3277 | D:4      | Reached skill level 5 in Armour
  3486 | D:5      | Entered Level 5 of the Dungeon
  4025 | D:5      | Reached XP level 8. HP: 48/48 MP: 8/8
  4029 | D:5      | Reached skill level 6 in Maces & Flails
  4592 | D:5      | Noticed Duvessa
  4598 | D:5      | Noticed Dowan
  4611 | D:5      | Killed Duvessa
  4612 | D:5      | Reached skill level 1 in Evocations
  4628 | D:5      | Reached skill level 1 in Stealth
  4631 | D:5      | Killed Dowan
  5395 | D:6      | Reached skill level 7 in Maces & Flails
  5422 | D:6      | Noticed a wyvern
  5439 | D:7      | Killed a wyvern
  5440 | D:7      | Reached skill level 5 in Fighting
  5440 | D:7      | Reached skill level 5 in Shields
  5570 | D:7      | Reached XP level 9. HP: 38/54 MP: 9/9
  5632 | D:7      | Found Pyluvuul's Magic Scroll Shoppe.
  5641 | D:7      | Bought a scroll of fog for 56 gold pieces
  5641 | D:7      | Bought a scroll of blinking for 105 gold pieces
  5641 | D:7      | Bought a scroll of poison for 56 gold pieces
  5816 | D:7      | Found a staircase to the Ecumenical Temple.
  5838 | Temple   | Entered the Ecumenical Temple
  6098 | D:7      | Noticed Prince Ribbit
  6115 | D:7      | Killed Prince Ribbit
  6141 | D:7      | Reached skill level 8 in Maces & Flails
  6596 | D:7      | Found a runed translucent door.
  6597 | D:7      | Noticed Crazy Yiuf
  6660 | D:7      | Noticed Maggie
  6671 | D:7      | Killed Maggie
  6810 | D:7      | Found a glowing golden altar of the Shining One.
  6898 | D:7      | Noticed a gargoyle
  7507 | D:6      | Reached XP level 10. HP: 61/61 MP: 10/10
  7730 | Temple   | Became a worshipper of the Wu Jian Council
  7748 | D:7      | Killed a gargoyle
  7749 | D:7      | Reached skill level 9 in Maces & Flails
  7781 | D:7      | Noticed a gargoyle
  7786 | D:7      | Slain by a gargoyle

Illustrated notes

Levels and vault maps discovered:
D:1:      dreamdust_arrival_beginning_and_end, layout_basic, st_stairs_12,
          minmay_misc_feat_roman
D:2:      minmay_razor_zed, layout_basic, uniq_terence
D:3:      layout_basic, nicolae_sif_muna_little_library
D:4:      cheibrodos_fertilizer, layout_cave_pools, grunt_temple_overflow_open,
          uniq_natasha
D:5:      layout_layer_cave, grunt_ministairs_15, kennysheep_generic_room_2,
          uniq_duvessa
D:6:      layout_cave_pools
D:7:      cheibrodos_statue_roulette, layout_loops_ring,
          nicolae_tso_swordbearing_angel, minmay_temple_entry_butterflies,
          serial_shops, shop, uniq_prince_ribbit1, uniq_crazy_yiuf_cottage,
          uniq_maggie
Temple:   hellmonk_temple_two_chambers

Skill      XL: |  1  2  3  4  5  6  7  8  9 10 |
---------------+-------------------------------+-----
Armour         | 4 5 6 8 |  8.3
Maces & Flails | 3 4 5 7 8 9 |  9.0
Fighting       | 4 5 6 |  6.6
Dodging        | 1 2 3 |  3.0
Shields        | 4 5 |  5.9
Evocations     | 2 |  2.9
Stealth        | 1 |  1.3

Action                     |  1- 3 |  4- 6 |  7- 9 | 10-12 || total
---------------------------+-------+-------+-------+-------++-------
  Melee: Flail             |   130 |   276 |   350 |     8 ||   764
  Throw: Dart              |     3 |     2 |    27 |       ||    32
Ability: Lunge             |       |       |       |     1 ||     1
  Evoke: Wand              |       |       |    24 |     3 ||    27
    Use: Potion            |       |     1 |     3 |     1 ||     5
         Scroll            |       |       |    12 |     1 ||    13
 Armour: Scale mail        |    91 |   145 |   247 |     2 ||   485
  Dodge: Dodged            |    67 |   126 |   210 |     3 ||   406
  Block: Buckler           |    17 |    68 |   105 |     1 ||   191
